 Dungeon Crawl Stone Soup version 0.30-a0-134-gb40fab5c76 (webtiles) character file.

Game seed: 2050363604471320867

1605 Kinoniko the Carver (level 8, -3/63 HPs)
             Began as a Pale Draconian Berserker on Sept 20, 2022.
             Was a Priest of Trog.
             Slain by a bullfrog (4 damage)
             ... on level 6 of the Dungeon.
             The game lasted 00:05:59 (5016 turns).

Kinoniko the Carver (Pale Draconian Berserker)      Turns: 5016, Time: 00:05:59

Health: -3/63      AC:  7    Str: 19    XL:     8   Next: 63%
Magic:  8/8        EV: 16    Int:  7    God:    Trog [***...]
Gold:   183        SH:  9    Dex: 14    Spells: 7/7 levels left

rFire   + . .      SeeInvis .    o - +0 falchion (vorpal)
rCold   . . .      Faith    .    z - +0 kite shield
rNeg    . . .      Spirit   .    (body armour unavailable)
rPois   .          Reflect  .    (helmet restricted)
rElec   .          Harm     .    (no cloak)
rCorr   .          Rampage  .    k - +0 pair of gloves
Will    .....                    (no boots)
Stlth   +.........               (no amulet)
HPRegen 0.20/turn                b - +4 ring of evasion
MPRegen 0.11/turn                q - ring of protection from fire

@: on berserk cooldown, flying, slowed, very slow
A: breathe steam, AC +6, unfitting armour, cold-blooded, steam resistance
a: Breathe Steam, Renounce Religion, Berserk, Trog's Hand


You were on level 6 of the Dungeon.
You worshipped Trog.
Trog was most pleased with you.
You visited 1 branch of the dungeon, and saw 6 of its levels.

You collected 183 gold pieces.

Inventory:

Hand Weapons
 a - a +0 falchion of protection
 o - a +0 vorpal falchion (weapon)
Armour
 k - a +0 pair of gloves (worn)
 z - a +0 kite shield (worn)
Jewellery
 b - a +4 ring of evasion (left hand)
 q - a ring of protection from fire (right hand)
Wands
 g - a wand of iceblast (9)
 v - a wand of flame (36)
Scrolls
 d - a scroll of summoning
 e - a scroll of immolation
 f - a scroll of butterflies {unknown}
 r - 2 scrolls of enchant armour
 u - a scroll of teleportation
Potions
 h - 2 potions of might
 j - a potion of mutation {unknown}
 l - a potion of degeneration {unknown}
 m - a potion of haste {unknown}
 s - a potion of invisibility {unknown}


   Skills:
 - Level 3.2 Fighting
 * Level 9.5 Long Blades
 - Level 4.7 Dodging
 + Level 4.3 Shields


You had 7 spell levels left.
You didn't know any spells.
Your spell library was empty.

Dungeon Overview and Level Annotations

Branches:
Dungeon (6/15)             Temple (0/1) D:5

Altars:

Shops:
D:2 (*[

Annotations:
D:4 2 transporters, hofbold's ghost, amateur DjHW


Innate Abilities, Weirdness & Mutations

You can breathe blasts of scalding, opaque steam.
Your pale cyan-grey scales are hard. (AC +6)
You cannot fit into any form of body armour.
You are cold-blooded and may be slowed by cold attacks.
You are immune to the effects of steam.


Message History

Unknown command.
Okay, then.
Unknown command.
As you read the scroll of summoning, it crumbles to dust.
Wisps of shadow whirl around you... You block the centaur's attack.
The centaur completely misses you. The bullfrog misses you.
The orc completely misses you. The orc barely misses you.
Something barely misses you. The orc hits you but does no damage.
The orc barely misses you.
The orc priest calls down the wrath of Beogh upon you.
Beogh smites you!
* * * LOW HITPOINT WARNING * * *
The centaur closely misses you. The centaur completely misses you.
You block the bullfrog's attack.
Unknown command.
It was a potion of flight.
You feel very buoyant.
You fly up into the air.
You block the centaur's attack. The centaur barely misses you.
The bullfrog completely misses you.
Your centaur hits the bullfrog.
Your centaur kicks the bullfrog.
Something hits you but does no damage.
The orc hits your centaur with a +0 club.
The orc priest begins to cast a cantrip, but forgets the words!
The orc closely misses you. x2; You block the orc's attack.
The centaur closely misses you. x2; The bullfrog hits you.
* * * LOW HITPOINT WARNING * * *
Your ice beast misses the bullfrog.
Your centaur completely misses the bullfrog.
Your centaur misses the bullfrog. The orc hits you but does no damage.
Something closely misses you. The orc misses you.
The orc hits you but does no damage. The orc hits you with a +0 club.
* * * LOW HITPOINT WARNING * * *
Unknown command.
Unknown command.
It was a potion of berserk rage.
You're still recovering from your berserk rage.
The centaur barely misses you.
The centaur kicks you but does no damage.
The bullfrog hits you.
You die...

... ... .... .....
##### ...
.....###...####....
.....o.o...........
......coFY.........
......{@c..........
......oo...........
...................
......?............
...................
.##..####..####....
#..####..#### ###
.............#
..........†<.#


You could see a bullfrog (ally target), a centaur, an orc priest, 4 orcs, a
friendly ice beast (summoned) and a friendly centaur (summoned).

Vanquished Creatures
  Sigmund (D:2)
  Menkaure (D:5)
  2 water moccasins (D:5)
  A black bear (D:6)
  2 ogres
  A phantom (D:6)
  Blork the orc (D:4)
  A necrophage (D:5)
  2 scorpions
  2 hounds
  A jelly (D:5)
  An orc priest (D:5)
  A gnoll bouda (D:4)
  3 iguanas
  2 orc wizards (D:5)
  Robin (D:4)
  5 gnolls (D:4)
  4 adders
  2 ufetubi
  4 worms
  7 dart slugs
  13 orcs
  6 endoplasms
  3 giant cockroaches
  13 goblins
  11 hobgoblins
  3 jackals (D:3)
  6 quokkas
  7 ball pythons
  7 bats
  6 frilled lizards
  6 kobolds
  5 rats
131 creatures vanquished.

Notes
Turn   | Place    | Note
-------+----------+-------------------------------------------
     0 | D:1      | Kinoniko the Draconian Berserker began the quest for the
                  | Orb.
     0 | D:1      | Reached XP level 1. HP: 19/19 MP: 1/1
   264 | D:1      | Reached XP level 2. HP: 15/26 MP: 2/2
   652 | D:1      | Reached XP level 3. HP: 23/31 MP: 3/3
  1000 | D:1      | Found a faded altar of an unknown god.
  1227 | D:2      | Reached skill level 4 in Long Blades
  1286 | D:2      | Noticed Sigmund
  1294 | D:2      | Killed Sigmund
  1295 | D:2      | Reached skill level 5 in Long Blades
  1295 | D:2      | Reached XP level 4. HP: 38/38 MP: 4/4
  1295 | D:2      | Reached XP level 5. HP: 45/45 MP: 5/5
  1312 | D:2      | Reached ** piety under Trog
  1375 | D:2      | Found Xoppaips's Antique Weapon Emporium.
  1388 | D:2      | Found Weotoep's Armour Shop.
  1465 | D:2      | Found Naegho's Assorted Antiques.
  2343 | D:4      | Reached XP level 6. HP: 51/51 MP: 6/6
  2354 | D:4      | Reached skill level 6 in Long Blades
  2456 | D:4      | Noticed hofbold's ghost (amateur DjHW)
  2688 | D:4      | Found a transporter.
  2692 | D:4      | Found a transporter.
  2828 | D:4      | Noticed Robin
  2840 | D:4      | Killed Robin
  3031 | D:4      | Your scales start taking on a pale cyan-grey colour.
  3031 | D:4      | Reached XP level 7. HP: 57/57 MP: 7/7
  3031 | D:4      | Gained mutation: You are immune to the effects of steam.
                  | [Pale Draconian growth]
  3077 | D:4      | Noticed Blork the orc
  3084 | D:4      | Killed Blork the orc
  3085 | D:4      | Reached skill level 7 in Long Blades
  3302 | D:4      | Reached *** piety under Trog
  3356 | D:5      | Entered Level 5 of the Dungeon
  3364 | D:5      | Reached skill level 1 in Shields
  3707 | D:5      | Noticed Menkaure
  3714 | D:5      | Killed Menkaure
  3745 | D:5      | Reached skill level 8 in Long Blades
  3937 | D:5      | Reached XP level 8. HP: 63/63 MP: 8/8
  4309 | D:5      | Found a staircase to the Ecumenical Temple.
  4581 | D:5      | Reached skill level 9 in Long Blades
  5015 | D:6      | HP: 2/63 [bullfrog (4)]
  5016 | D:6      | Slain by a bullfrog

Illustrated notes

Levels and vault maps discovered:
D:1:      amcnicky_arrival_double_pillar, layout_rooms,
          shapermc_ecumenical_altar_flowoftime, minivault_14
D:2:      layout_basic, serial_shops, nicolae_shop_behind_doors,
          nicolae_shop_overgrown_old_shop, nicolae_shop_advertising_works
          [nicolae_subvault_shop_adworks], minmay_unequal, uniq_sigmund
D:3:      layout_basic
D:4:      layout_basic, gammafunk_ghost_arena, st_stairs_2, uniq_robin,
          uniq_blork_the_orc
D:5:      layout_gridville, lemuel_temple_firewalk_a, uniq_menkaure
D:6:      layout_gridville, nicolae_overflow_crystal_walls

Skill      XL: |  1  2  3  4  5  6  7  8 |
---------------+-------------------------+-----
Dodging        | 3 4 |  4.7
Long Blades    | 5 6 8 9 |  9.5
Shields        | 3 4 |  4.3
Fighting       | |  3.2

Action                   |  1- 3 |  4- 6 |  7- 9 || total
-------------------------+-------+-------+-------++-------
Melee: Falchion          |   106 |   199 |   146 ||   451
       Tailslap          |     9 |    17 |    24 ||    50
       Punch             |     1 |     2 |       ||     3
Invok: Berserk           |     2 |     3 |     5 ||    10
       Trog's Hand       |       |     1 |       ||     1
  Use: Potion            |     1 |     3 |     2 ||     6
       Scroll            |       |       |    13 ||    13
 Stab: Sleeping          |       |     1 |     1 ||     2
Armor: Skin              |    44 |    54 |    28 ||   126
Dodge: Dodged            |    99 |   253 |   127 ||   479
Block: Kite shield       |       |       |    73 ||    73

Table legend: (Time is in decaauts)
 A = Elapsed time spent in this place.
 B = Non-inter-level travel time spent in this place.
 C = Inter-level travel time spent in this place.
 D = Time resting spent in this place.
 E = Time spent auto-exploring this place.
 F = Levels seen in this place.
 G = Mean time per level.
                   A        B        C        D        E       F      G
               +--------+--------+--------+--------+--------+-----+--------+
         Total |   5124 |   4999 |    125 |    396 |   3693 |   6 |  854.0 |
       Dungeon |   5124 |   4999 |    125 |    396 |   3693 |   6 |  854.0 |
               +--------+--------+--------+--------+--------+-----+--------+

Top non-repeatable levels by time:
     D:5: 1545 daAuts
     D:1: 1242 daAuts
     D:4: 1062 daAuts
     D:2: 647 daAuts
     D:3: 475 daAuts
     D:6: 150 daAuts
